 Dungeon Crawl Stone Soup version 0.27.1-33-g824d729ab1 (webtiles) character file.

Game seed: 7556682460686486918

456 unlimited1921 the Skirmisher (level 6, -1/61 HPs)
             Began as a Troll Hunter on Dec 3, 2021.
             Slain by a black bear (5 damage)
             ... on level 5 of the Dungeon.
             The game lasted 00:13:34 (4295 turns).

unlimited1921 the Skirmisher (Troll Hunter)         Turns: 4295, Time: 00:13:35

Health: -1/61      AC:  4    Str: 23    XL:     6   Next: 77%
Magic:  5/5        EV: 10    Int:  7    God:
Gold:   260        SH:  0    Dex: 10    Spells: 5/5 levels left

rFire    + . .     SeeInvis .   j - +0 rapier
rCold    . . .     Faith    .   (no shield)
rNeg     . . .     Spirit   .   c - +0 robe
rPois    .         Reflect  .   (helmet restricted)
rElec    .         Harm     .   (no cloak)
rCorr    .         Rampage  .   (gloves unavailable)
Will     .....                  (boots unavailable)
Stlth    +.........             (no amulet)
HPRegen  1.20/turn              p - ring of protection from fire
MPRegen  0.09/turn              (no ring)

@: no status effects
A: large, unfitting armour, claws 3, regeneration 1, shaggy fur 1, tough skin 1
a: no special abilities


You were on level 5 of the Dungeon.
You visited 1 branch of the dungeon, and saw 5 of its levels.

You collected 260 gold pieces.

Inventory:

Hand Weapons
 a - a +1 hand crossbow
 j - a +0 rapier (weapon)
 o - a +0 whip of freezing
 r - a +0 whip of electrocution
Missiles
 d - 38 bolts
 x - 7 curare-tipped darts
Armour
 c - a +0 robe (worn)
Jewellery
 p - a ring of protection from fire (left claw)
 q - a ring of wizardry
Wands
 b - a wand of acid (6) (quivered)
Scrolls
 f - 2 scrolls of magic mapping {unknown}
 g - a scroll of enchant weapon
 h - 2 scrolls of fog {unknown}
 i - a scroll of noise
 k - a scroll of identify
 l - a scroll of teleportation
 m - a scroll of enchant armour
 t - 2 scrolls of blinking {unknown}
 y - 2 scrolls of acquirement {unknown}
Potions
 e - a potion of lignification {unknown}
 n - a potion of magic {unknown}
 s - a potion of might {unknown}
 u - a potion of attraction {unknown}
 v - a potion of cancellation {unknown}
 w - 2 potions of ambrosia


   Skills:
 * Level 3.6 Fighting
 - Level 2.3 Short Blades
 + Level 3.4 Crossbows
 + Level 3.1 Dodging
 + Level 1.0 Stealth


You had 5 spell levels left.
You didn't know any spells.
Your spell library contained the following spells:

 Spells                   Type           Power      Damage    Failure   Level
 Sandblast                Erth           0%         2d4       43%         1
 Passwall                 Tmut/Erth      0%         N/A       56%         2
 Lee's Rapid Deconstruct  Erth           0%         3d5*      100%        5


Dungeon Overview and Level Annotations

Branches:
Dungeon (5/15)
 Temple: D:4-7

Altars:
Fedhas
Hepliaklqana
Xom

Annotations:
D:5 2 transporters


Innate Abilities, Weirdness & Mutations

You are too large for most types of armour.
You have claws for hands.
Your natural rate of healing is unusually fast.
You are covered in fur. (AC +1)
You have tough skin. (AC +1)


Message History

The black bear claws you but does no damage.
The black bear closely misses you.
The black bear rages.
The black bear bites you. The black bear claws you.
The black bear barely misses you.
The black bear bites you but does no damage.
The black bear completely misses you. The black bear claws you.
The black bear closely misses you. The black bear claws you.
The black bear barely misses you.
You are too injured to fight recklessly!
You are too injured to fight recklessly!
You are too injured to fight recklessly!
The black bear bites you!
* * * LOW HITPOINT WARNING * * *
The black bear barely misses you. The black bear claws you.
* * * LOW HITPOINT WARNING * * *
The black bear rages.
The black bear closely misses you. The black bear claws you.
* * * LOW HITPOINT WARNING * * *
The black bear claws you.
* * * LOW HITPOINT WARNING * * *
The black bear bites you.
* * * LOW HITPOINT WARNING * * *
The black bear barely misses you. The black bear claws you.
* * * LOW HITPOINT WARNING * * *
The black bear closely misses you. x2; The black bear barely misses you.
The black bear bites you but does no damage.
The black bear claws you.
* * * LOW HITPOINT WARNING * * *
The black bear claws you.
* * * LOW HITPOINT WARNING * * *
The black bear rages.
Aiming: Corrosive Bolt
Press: ? - help, Q - select action, (/) - cycle Shift-Dir - straight line, f - black bear
Aim: a black bear (severely wounded, berserk, 79% to hit)
The bolt of acid hits the black bear.
The black bear is splashed with acid.
The acid corrodes the black bear!
The black bear is almost dead.
The black bear completely misses you. The black bear claws you.
You die...

########## ##.h......##
#.@#####...# #.## ##.##
#.# #.# #.# #.# #.# #.#
#.## +#.#+
########..#####...#####.##
#...............⌠........#
#.....###.#####...#####..#


You could see a black bear (berserk, corroded).

Vanquished Creatures
  An ice beast (D:3)
  An orc priest (D:3)
  2 jellies
  2 hounds (D:4)
  An orc wizard (D:5)
  2 hound skeletons (D:4)
  5 adders
  A gnoll (D:1)
  An ufetubus (D:4)
  An adder skeleton (D:4)
  A worm (D:4)
  2 dart slugs
  10 orcs
  8 ball pythons
  3 endoplasms
  4 giant cockroaches
  7 hobgoblins
  4 jackals
  A quokka (D:1)
  A bat (D:2)
  2 frilled lizards
  4 goblins
  6 kobolds
  4 rats
74 creatures vanquished.

Vanquished Creatures (others)
  An orc wizard (D:5)
1 creature vanquished.

Grand Total: 75 creatures vanquished

Notes
Turn   | Place    | Note
-------+----------+-------------------------------------------
     0 | D:1      | unlimited1921 the Troll Hunter began the quest for the Orb.
     0 | D:1      | Reached XP level 1. HP: 19/19 MP: 0/0
   103 | D:1      | Found a faded altar of an unknown god.
   242 | D:1      | Reached XP level 2. HP: 28/28 MP: 1/1
   555 | D:1      | Reached XP level 3. HP: 30/35 MP: 2/2
  1257 | D:2      | Reached XP level 4. HP: 42/42 MP: 3/3
  1257 | D:2      | You fall into a shaft and drop 1 floor!
  1677 | D:3      | Reached skill level 1 in Short Blades
  2007 | D:3      | Noticed an ice beast
  2096 | D:3      | Killed an ice beast
  2097 | D:3      | Reached XP level 5. HP: 33/50 MP: 4/4
  2435 | D:3      | Found a shimmering altar of Xom.
  2909 | D:4      | Reached XP level 6. HP: 58/59 MP: 5/5
  3557 | D:4      | Reached skill level 1 in Stealth
  4038 | D:5      | Entered Level 5 of the Dungeon
  4094 | D:5      | Noticed a water moccasin
  4095 | D:5      | Found a transporter.
  4102 | D:5      | Found a transporter.
  4113 | D:5      | Found a hazy altar of Hepliaklqana.
  4264 | D:5      | Found a blossoming altar of Fedhas.
  4293 | D:5      | HP: 1/61 [black bear (4)]
  4295 | D:5      | Slain by a black bear

Illustrated notes

Levels and vault maps discovered:
D:1:      minmay_arrival_loop, layout_loops_ring,
          hellmonk_ecumenical_altar_zigzags
D:2:      layout_loops_ring
D:3:      layout_loops_corners, xom_butterflies
D:4:      layout_basic, serial_corexii_hall, corexii_hall_statues_l,
          corexii_hall_statues_s, st_stairs_4, chequers_garden,
          grunt_decor_arrowhead
D:5:      layout_basic, grunt_temple_overflow_cloverleaf,
          gammafunk_temple_overflow_arena

Skill      XL: |  1  2  3  4  5  6 |
---------------+-------------------+-----
Crossbows      | 3 |  3.4
Fighting       | 2 3 |  3.6
Short Blades   | 2 |  2.3
Dodging        | 2 3 |  3.1
Stealth        | 1 |  1.0

Action                   |  1- 3 |  4- 6 || total
-------------------------+-------+-------++-------
Melee: Rapier            |    95 |   256 ||   351
 Fire: Hand crossbow     |    14 |       ||    14
Throw: Dart              |       |     4 ||     4
Evoke: Wand              |       |     1 ||     1
  Use: Scroll            |       |     4 ||     4
       Potion            |       |     1 ||     1
Armor: Robe              |    40 |    84 ||   124
Dodge: Dodged            |    57 |   154 ||   211
